 Dungeon Crawl Stone Soup version 0.30.1-11-g7821555f0a (webtiles) character file.

Game seed: 15068954466368763902

168 hawla the Firebug (level 6, -5/45 HPs)
             Began as a Meteoran Fire Elementalist on Jan 3, 2024.
             Constricted to death by Terence (7 damage)
             ... on level 3 of the Dungeon.
             The game lasted 00:06:46 (1269 turns).

hawla the Firebug (Meteoran Fire Elementalist)      Turns: 1269, Time: 00:06:46

Health: -5/45      AC:  2    Str: 10    XL:     6   Next: 6%
Magic:  1/11       EV: 10    Int: 19    God:
Gold:   106        SH:  0    Dex: 14    Spells: 4/11 levels left

rFire   . . .        g - staff of air
rCold   . . .        (no shield)
rNeg    . . .        a - +0 robe
rPois   .            (no helmet)
rElec   +            (no cloak)
rCorr   .            (no gloves)
SInv    .            (no boots)
Will    .....        (no amulet)
Stlth   +            (no ring)
HPRegen 0.27/turn    (no ring)
MPRegen 0.12/turn

%: no passive effects
@: grasped by roots, glowing, constricted
A: sense surroundings 1, otherworldly, glowing, explore regen
a: no special abilities


You were on level 3 of the Dungeon.
You visited 1 branch of the dungeon, and saw 3 of its levels.
You also visited: Sewer.

You collected 106 gold pieces.

Inventory:

Hand Weapons
 c - a +1 whip of freezing
Armour
 a - a +0 robe (worn)
Magical Staves
 g - a staff of air (weapon)
Wands
 h - a wand of flame (9)
Potions
 b - 2 potions of magic
 d - 4 potions of might {unknown}
 e - 2 potions of lignification {unknown}
 i - a potion of curing {unknown}


   Skills:
 - Level 0.3(1.9) Maces & Flails
 + Level 2.8 Staves
 - Level 3.2 Dodging
 - Level 1.4 Stealth
 - Level 3.0 Spellcasting
 + Level 2.3 Conjurations
 - Level 4.6 Fire Magic
 + Level 1.6 Air Magic
 + Level 1.7 Evocations


You had 4 spell levels left.
You knew the following spells:

 Your Spells              Type           Power      Damage    Failure   Level
a - Foxfire               Conj/Fire      64%        2x1d7     3%          1
b - Scorch                Fire           40%        2d7       3%          2
c - Flame Wave            Conj/Fire      16%        2d7       34%         4

Your spell library contained the following spells:

 Spells                   Type           Power      Damage    Failure   Level
 Inner Flame              Hex/Fire       11%        N/A       19%         3
 Volatile Blastmotes      Fire/Tloc      22%        2d11      19%         3
 Sticky Flame             Conj/Fire      16%        2d4       34%         4


Dungeon Overview and Level Annotations

Branches:
Dungeon (3/15) Zot: 929     Sewer (visited)

Altars:
Fedhas
Trog

Annotations:
D:3 Terence


Innate Abilities, Weirdness & Mutations

You passively map a small area around you.
You are easily found by Zot.
You glow in the dark.
You regain HP and MP as you explore.


Message History

Confirm with . or Enter, or press ? or * to list all spells.
The spell is extremely dangerous to miscast (38% risk of failure)!
Continue anyway?
Casting: Flame Wave (extremely dangerous; 38% risk of failure)
Press: ? - help, Dir - look around, f - activate A wave of flame ripples out!
The flame wave engulfs the hobgoblin!
You kill the hobgoblin! (Press . to intensify the flame waves.) Terence zaps a wand.
The roots erupt in riotous growth!
The adder is unaffected.
The grasping roots grab you! The grasping roots constrict you.
The adder closely misses you.
You have reached level 6!
You feel clever.
A wave of flame ripples out!
The flame wave engulfs the adder.
The adder is burned terribly!
You kill the adder!
The grasping roots constrict you!
Without enough magic to sustain them, the waves of flame dissipate.
The grasping roots constrict you.
As you read the scroll labelled KOTUNESOUHU, it crumbles to dust.
You feel aware of your surroundings.
It was a scroll of magic mapping.
Terence hits you with a +0 flail. The grasping roots constrict you.
The grasping roots release their grip on you.
As you read the scroll labelled ZUOQIO JUDOMU, it crumbles to dust.
The creatures around you are filled with an inner flame!
It was a scroll of immolation.
Terence zaps a wand.
The roots erupt in riotous growth!
The grasping roots grab you!
Terence is unaffected.
The grasping roots constrict you.
As you read the scroll labelled LOPPETU TYRCH, it crumbles to dust.
The scroll dissolves into smoke.
It was a scroll of fog.
Terence hits you with a +0 flail!
* * * LOW HITPOINT WARNING * * *
The grasping roots constrict you.
* * * LOW HITPOINT WARNING * * *
The grasping roots release their grip on you.
Terence zaps a wand.
The roots erupt in riotous growth!
The grasping roots grab you! The grasping roots constrict you!
You die...

....#*,,##8..8##..#.# #.........#
....#*,,+......'..#.###.........#
....#*,,#..##..#..#.............#
.####*,,###*####..#####......####
.# *,,,,*,,,,#.).# ######..... .#
*,,,,*,,,,#...# #....† .#
**+**##+#**##§§# #..... .#
*,,,,.....,##§§# ##.... .#
*,,,,.....§#§@§# #.... ##
*****,,*#.S@§§§# #.... #
****######## #.... # #.... #
#####


You could see Terence (inner flame).

Vanquished Creatures
  6 adders
  5 river rats (Sewer)
  2 dart slugs (D:1)
  An orc (D:3)
  11 ball pythons
  4 endoplasms
  3 giant cockroaches (D:3)
  3 goblins
  4 hobgoblins
  6 jackals
  5 kobolds
  3 quokkas
  4 bats
  3 frilled lizards
  4 rats
64 creatures vanquished.

Vanquished Creatures (collateral kills)
  2 foxfires (Sewer)
2 creatures vanquished.

Vanquished Creatures (others)
  80 foxfires
80 creatures vanquished.

Grand Total: 146 creatures vanquished

Notes
Turn   | Place    | Note
-------+----------+-------------------------------------------
     0 | D:1      | hawla the Meteoran Fire Elementalist began the quest for
                  | the Orb.
     0 | D:1      | Reached XP level 1. HP: 14/14 MP: 5/5
    72 | D:1      | Reached XP level 2. HP: 16/20 MP: 4/6
    75 | D:1      | Learned a level 2 spell: Scorch
   125 | D:1      | Reached skill level 4 in Fire Magic
   169 | D:1      | Reached XP level 3. HP: 11/26 MP: 0/8
   433 | D:3      | Found a bloodstained altar of Trog.
   485 | D:3      | Found a blossoming altar of Fedhas.
   537 | D:3      | Found a glowing drain.
   556 | D:3      | Reached XP level 4. HP: 23/33 MP: 2/9
   610 | Sewer    | Entered a sewer
   623 | Sewer    | Reached skill level 1 in Staves
   623 | Sewer    | Reached skill level 1 in Evocations
   644 | Sewer    | Reached skill level 1 in Air Magic
   665 | Sewer    | Reached XP level 5. HP: 21/38 MP: 1/10
   892 | Sewer    | Learned a level 4 spell: Flame Wave
  1006 | Sewer    | Glimpsed the power of Zot.
  1259 | D:3      | Noticed Terence
  1264 | D:3      | Reached XP level 6. HP: 40/45 MP: 1/11
  1268 | D:3      | HP: 2/45 [constriction (6)]
  1269 | D:3      | Constricted to death by Terence

Illustrated notes

Levels and vault maps discovered:
D:1:      dpeg_arrival_round_b, layout_basic, serial_bayou, serial_bayou_pond_a,
          serial_bayou_crossing, serial_bayou_pond_d, serial_bayou_shore_b,
          basic_ecumenical_altar, st_stairs_8
D:2:      layout_loops_corners, basic_altar, hex_large
D:3:      minmay_chambers_of_twos, layout_rooms, mainiacjoe_overflow_brackets,
          mainiacjoe_overflow_concentric_impassable, gup_sewer_entry_glass,
          uniq_terence

Skill      XL: |  1  2  3  4  5 |
---------------+----------------+-----
Fire Magic     | 4 |  4.6
Dodging        | 3 |  3.2
Spellcasting   | 3 |  3.0
Staves         | 1 2 |  2.8
Evocations     | 1 |  1.7
Air Magic      | 1 |  1.6
Conjurations   | 2 |  2.3
Maces & Flails | |  0.3
Stealth        | |  1.4

Action                     |  1- 3 |  4- 6 || total
---------------------------+-------+-------++-------
  Melee: Unarmed           |     9 |       ||     9
         Whip              |    15 |       ||    15
         Staff             |       |    12 ||    12
   Cast: Foxfire           |    35 |    12 ||    47
         Scorch            |     4 |    31 ||    35
         Flame Wave        |       |     1 ||     1
    Use: Scroll            |       |     3 ||     3
 Armour: Robe              |     5 |     5 ||    10
  Dodge: Dodged            |    26 |    34 ||    60
